 Dungeon Crawl Stone Soup version 0.29.1-13-g9f3cf754e1 (webtiles) character file.

Game seed: 18218814090850587570

1241 Poison the Trooper (level 8, -1/52 HPs)
             Began as a Kobold Gladiator on Jan 22, 2023.
             Was an Initiate of Qazlal.
             Slain by an orc warrior
             ... wielding a +0 dire flail
              (10 damage)
             ... on level 6 of the Dungeon.
             The game lasted 00:15:06 (6139 turns).

Poison the Trooper (Kobold Gladiator)               Turns: 6139, Time: 00:15:07

Health: -1/52      AC: 14    Str: 13    XL:     8   Next: 78%
Magic:  7/7        EV:  7    Int: 10    God:    Qazlal [......]
Gold:   349        SH:  0    Dex: 16    Spells: 7/7 levels left

rFire   . . .      SeeInvis .   w - +2 war axe (elec)
rCold   . . .      Faith    .   (no shield)
rNeg    . . .      Spirit   .   u - +1 plate armour
rPois   +          Reflect  .   c - +0 helmet
rElec   .          Harm     .   (no cloak)
rCorr   .          Rampage  .   (no gloves)
Will    .....                   (no boots)
Stlth   ..........              (no amulet)
HPRegen 0.17/turn               (no ring)
MPRegen 0.10/turn               (no ring)

@: brilliant, attractive
A: small, no large weapons, nightstalker 3, low MP 1, poison resistance
a: Renounce Religion


You were on level 6 of the Dungeon.
You worshipped Qazlal.
Qazlal was noncommittal.
You visited 2 branches of the dungeon, and saw 7 of its levels.

You collected 349 gold pieces.

Inventory:

Hand Weapons
 o - the +6 spear "Gefryhyu" {vorpal, Str+5}
   (You found it on level 2 of the Dungeon)

   It inflicts extra damage upon your enemies.
   Str:       It affects your strength (+5).
 w - a +2 war axe of electrocution (weapon)
Missiles
 e - 2 boomerangs (quivered)
 h - 3 silver boomerangs
Armour
 b - a +0 leather armour
 c - a +0 helmet (worn)
 m - a +0 ring mail
 n - a +0 scale mail
 u - a +1 plate armour (worn)
Jewellery
 t - a +6 ring of intelligence
Wands
 r - a wand of flame (16)
Scrolls
 f - a scroll of poison {unknown}
 j - a scroll of noise {unknown}
 k - a scroll of amnesia {unknown}
 l - a scroll of enchant weapon {unknown}
 p - 3 scrolls of identify {unknown}
 q - 6 scrolls of vulnerability {unknown}
 s - a scroll of summoning {unknown}
Potions
 g - a potion of flight


   Skills:
 + Level 6.4 Fighting
 + Level 5.4 Axes
 - Level 2.3 Throwing
 + Level 4.3 Armour
 - Level 4.0 Dodging
 - Level 1.2 Stealth


You had 7 spell levels left.
You didn't know any spells.
Your spell library contained the following spells:

 Spells                   Type           Power      Damage    Failure   Level
 Confusing Touch          Hex            0%         N/A       100%        3
 Fireball                 Conj/Fire      0%         3d3       100%        5
 Iskenderun's Battlesphe  Conj           0%         2d6       100%        5
 Yara's Violent Unravell  Hex/Tmut       0%         3d3       100%        5
 Conjure Ball Lightning   Conj/Air       0%         3x3d6     100%        6
 Enfeeble                 Hex            0%         N/A       100%        7
 Orb of Destruction       Conj           0%         9d5       100%        7


Dungeon Overview and Level Annotations

Branches:
Dungeon (6/15)             Temple (1/1) D:6

Altars:
Ashenzari
Cheibriados
Dithmenos
Elyvilon
Fedhas
Kikubaaqudgha
Qazlal
Trog
Uskayaw
Wu Jian
Xom
Yredelemnul
Zin
The Shining One

Annotations:
D:5 KittyFluff's ghost, novice GrBe


Innate Abilities, Weirdness & Mutations

You are small and have problems with some larger weapons.
You are completely attuned to the shadows.
Your magical capacity is low. (-10% MP)
Your system is resistant to poisons. (rPois)


Message History

The orc warrior is moderately wounded.
The orc warrior misses you.
You closely miss the orc warrior.
The orc warrior is moderately wounded.
The orc warrior hits you with a +0 dire flail.
You hit the orc warrior.
The orc warrior is heavily wounded.
The orc warrior hits you with a +0 dire flail.
You completely miss the orc warrior.
The orc warrior is heavily wounded.
The orc warrior hits you with a +0 dire flail!
The orc warrior hits you but does no damage.
Okay, then.
Okay, then.
You feel better.
The orc warrior hits you with a +0 dire flail.
Okay, then.
It was a potion of brilliance.
You feel clever all of a sudden.
The orc warrior hits you with a +0 dire flail.
It was a potion of mutation.
You feel extremely strange.
You feel less energetic.
You feel resistant to poisons.
The orc warrior hits you with a +0 dire flail.
It was a potion of attraction.
You feel attractive to monsters.
The orc warrior hits you with a +0 dire flail.
* * * LOW HITPOINT WARNING * * *
You feel better.
The orc warrior hits you with a +0 dire flail.
* * * LOW HITPOINT WARNING * * *
Unknown command.
As you read the scroll labelled KUHIXE GAAPT, it crumbles to dust.
It is a scroll of enchant armour.
Your +0 plate armour glows green for a moment.
The orc warrior hits you with a +0 dire flail.
* * * LOW HITPOINT WARNING * * *
Unknown command.
The orc warrior attacks as you move away!
The orc warrior hits you with a +0 dire flail!
You die...

.>...... ......
##..### #...†.#
##.###.# #####..
##..# #.###.†...#
#.### #####..##
#.<##o##### .....
#.....## ##.##o#
#... #.##### #..@.#
#... #.# ###.## #..#
#.#. #.# #...##
#....###.. ##.#
#.#..## ##..#...#...
#..#
#.##..###....#.....#
##.## ..
##>.#..#####.>.##
#).#### .##
##..#....#.....#
.......
##.##..#...#...
..#####
#.###..[.###..


You could see an orc warrior and an orc.

Vanquished Creatures
  A black bear (D:6)
  An ice beast (D:5)
  2 ogres
  A sky beast (D:5)
  A phantom (D:6)
  4 scorpions
  A jelly (D:4)
  An orc priest (D:5)
  A hound (D:5)
  Natasha (twice) (D:4)
  4 iguanas
  6 orc wizards
  4 adders
  2 worms
  2 dart slugs
  11 orcs
  5 endoplasms
  2 giant cockroaches
  8 goblins
  6 hobgoblins
  3 quokkas
  5 ball pythons
  4 bats
  5 frilled lizards
  7 kobolds
  11 rats
100 creatures vanquished.

Notes
Turn   | Place    | Note
-------+----------+-------------------------------------------
     0 | D:1      | Poison the Kobold Gladiator began the quest for the Orb.
     0 | D:1      | Reached XP level 1. HP: 12/12 MP: 1/1
    89 | D:1      | Reached XP level 2. HP: 17/17 MP: 2/2
   731 | D:2      | Reached XP level 3. HP: 21/21 MP: 3/3
   949 | D:2      | Reached skill level 1 in Stealth
   965 | D:2      | Identified the +6 spear "Gefryhyu" {vorpal, Str+5}
  1765 | D:3      | Found a faded altar of an unknown god.
  1784 | D:3      | Reached XP level 4. HP: 19/27 MP: 4/4
  1969 | D:3      | Found a basalt altar of Yredelemnul.
  2222 | D:3      | Reached skill level 1 in Armour
  2224 | D:3      | Reached skill level 3 in Fighting
  2224 | D:3      | Reached XP level 5. HP: 23/32 MP: 5/5
  2349 | D:3      | Found a shimmering altar of Xom.
  2349 | D:3      | Found a blossoming altar of Fedhas.
  3008 | D:3      | Found an ancient bone altar of Kikubaaqudgha.
  3441 | D:4      | Noticed Natasha
  3445 | D:4      | Killed Natasha
  3446 | D:4      | Reached XP level 6. HP: 36/38 MP: 6/6
  3452 | D:4      | Noticed Natasha
  3472 | D:5      | Entered Level 5 of the Dungeon
  3525 | D:5      | Noticed a sky beast
  3537 | D:5      | Reached skill level 4 in Fighting
  3540 | D:5      | Killed a sky beast
  3644 | D:4      | Reached XP level 7. HP: 44/44 MP: 7/7
  3983 | D:4      | Killed Natasha
  4242 | D:4      | Reached skill level 5 in Fighting
  4958 | D:5      | Reached XP level 8. HP: 49/49 MP: 8/8
  5329 | D:5      | Noticed KittyFluff's ghost (novice GrBe)
  5350 | D:5      | Reached skill level 5 in Axes
  5436 | D:5      | Found a runed translucent door.
  5508 | D:6      | Reached skill level 6 in Fighting
  5894 | D:6      | Found a staircase to the Ecumenical Temple.
  5914 | Temple   | Entered the Ecumenical Temple
  6042 | Temple   | Became a worshipper of Qazlal Stormbringer
  6089 | D:6      | Found a hide-covered altar of Uskayaw.
  6132 | D:6      | Gained mutation: Your magical capacity is low. (-10% MP)
                  | [potion of mutation]
  6132 | D:6      | Gained mutation: Your system is resistant to poisons.
                  | (rPois) [potion of mutation]
  6139 | D:6      | Slain by an orc warrior

Illustrated notes

Levels and vault maps discovered:
D:1:      dpeg_arrival_rooms_with_view, layout_basic, nicolae_titane
D:2:      layout_loops_ring, serial_park_tiny_2, kennysheep_generic_room_5
D:3:      layout_basic, mainiacjoe_overflow_chevrons,
          nicolae_overflow_two_pavilions, lemuel_round_altar,
          ebering_ecumenical_altar_abandoned
D:4:      layout_gridville, kennysheep_generic_room_2, uniq_natasha
D:5:      layout_basic, kennysheep_mini, hellmonk_ghost_happy_afterlife,
          item_on_display_a
D:6:      layout_rooms, lemuel_tele_altar, general_overflow_altar,
          minmay_temple_entry_arrows
Temple:   compressed_dpeg_triangle_lava_temple

Skill      XL: |  1  2  3  4  5  6  7  8 |
---------------+-------------------------+-----
Dodging        | 4 |  4.0
Stealth        | 1 |  1.2
Axes           | 3 4 5 |  5.4
Armour         | 1 2 3 4 |  4.3
Fighting       | 3 4 5 6 |  6.4
Throwing       | |  2.3

Action                   |  1- 3 |  4- 6 |  7- 9 || total
-------------------------+-------+-------+-------++-------
Melee: War axe           |    82 |    95 |   129 ||   306
       Punch             |       |       |     2 ||     2
Throw: Boomerang         |       |     5 |     7 ||    12
       Throwing net      |       |     5 |       ||     5
  Use: Potion            |       |     5 |     7 ||    12
       Scroll            |       |     2 |     2 ||     4
 Stab: Sleeping          |    11 |     2 |       ||    13
       Distracted        |     1 |       |       ||     1
       Held in net/web   |       |     2 |       ||     2
Armor: Leather armour    |     7 |       |       ||     7
       Ring mail         |    13 |    13 |       ||    26
       Plate armour      |       |    19 |    74 ||    93
       Scale mail        |       |     1 |       ||     1
Dodge: Dodged            |    56 |    41 |    34 ||   131
